Map: Jagannatha LE

Players

SpeCial - Winner!

  • Race: Terran Terran

Cham

  • Race: Zerg Zerg

Event: DreamHack SC2 Masters 2021 Winter

VOD

Have the link to the VOD?

Description

Time

  • Played on: Oct. 3, 2021, 5:11 p.m.
  • Length: 6:44

All games in this series

Show
View Real Time Build Order
Export as new Build Order

SpeCial Terran - Winner!

Build Orders:  

Get SALT Encoding   

  12  0:00  SCV  
  13  0:12  SCV  
  14  0:17  Supply Depot  
  14  0:24  SCV  
  15  0:38  SCV  
  15  0:40  Barracks  
  16  0:43  Refinery  
  16  0:51  SCV  
  17  0:59  Barracks  
  17  1:03  SCV  
  18  1:15  SCV  
  19  1:28  Reaper, Orbital Command  
  20  1:46  Reaper  
  21  1:48  Supply Depot  
  21  1:53  SCV  
  22  2:02  Reaper  
  23  2:09  SCV  
  23  2:14  Command Center  
  24  2:20  Marine  
  24  2:21  SCV  
  26  2:33  Supply Depot, SCV  
  27  2:43  Factory  
  27  2:45  SCV  
  28  2:53  Refinery  
  28  2:58  SCV, Barracks Reactor  
  29  3:10  SCV  
  30  3:21  Command Center  
  30  3:22  SCV  
  31  3:28  Orbital Command  
  31  3:34  SCV  
  31  3:38  Starport  
  32  3:43  Hellion  
  32  3:46  SCV  
  32  3:48  Hellion  
  37  3:52  Barracks Tech Lab  
  37  3:53  SCV  
  38  3:58  SCV  
  39  4:05  SCV  
  40  4:11  Marine  
  40  4:12  Stimpack  
  41  4:17  Factory Reactor, Marine x2  
  41  4:20  SCV x2  
  41  4:23  Supply Depot  
  45  4:26  Starport Reactor  
  45  4:29  Marine  
  46  4:32  SCV x2, Orbital Command  
  46  4:35  Marine x2  
  50  4:40  Refinery  
  50  4:44  SCV x2  
  52  4:47  Marine  
  53  4:53  Marine x2  
  53  4:55  Engineering Bay x2  
  53  4:56  SCV x2  
  53  4:58  SCV  
  62  5:04  Medivac  
  60  5:08  SCV  
  60  5:09  Medivac  
  60  5:12  Bunker, Factory Tech Lab  
  60  5:13  Marine x3  
  66  5:16  Bunker  
  66  5:18  SCV  
  67  5:24  SCV  
  67  5:25  SCV  
  67  5:30  Siege Tank  
  67  5:31  Supply Depot x2, Marine x3  
  70  5:52  Medivac, Marine  
  70  5:53  Supply Depot  
  71  6:14  Marine  
  71  6:15  Marine  
  75  6:22  SCV x2  
  75  6:23  SCV  
Show
View Real Time Build Order
Export as new Build Order

Cham Zerg 

Build Orders: Hatch First 

Get SALT Encoding   

  12  0:00  Drone  
  13  0:08  Drone  
  14  0:23  Overlord  
  14  0:26  Extractor x2  
  14  0:27  Drone  
  13  0:29  Drone  
  16  0:50  Hatchery  
  16  0:54  Drone  
  16  0:57  Drone  
  16  1:02  Drone  
  18  1:16  Spawning Pool  
  18  1:17  Extractor  
  16  1:20  Drone  
  16  1:23  Drone  
  18  1:29  Drone  
  19  1:40  Drone  
  20  1:50  Drone  
  21  2:02  Queen  
  21  2:03  Zergling x2, Queen  
  21  2:04  Zergling x2  
  27  2:11  Overlord  
  27  2:13  Drone  
  28  2:30  Hatchery  
  28  2:32  Drone  
  28  2:34  Drone  
  29  2:43  Metabolic Boost  
  28  2:47  Zergling x6  
  31  2:55  Overlord  
  31  3:04  Zergling x4  
  32  3:06  Drone  
  33  3:19  Drone x4  
  35  3:21  Drone  
  35  3:25  Drone  
  37  3:31  Drone x3  
  40  3:42  Drone x2  
  40  3:47  Roach Warren, Extractor  
  40  3:51  Drone x2  
  40  3:55  Drone x2  
  44  3:58  Overlord  
  44  4:13  Overlord  
  44  4:21  Overlord  
  44  4:27  Roach x7  
  58  4:32  Roach  
  58  4:33  Roach  
  64  4:38  Roach  
  64  4:39  Overlord  
  64  4:45  Zergling x6  
  66  4:54  Zergling x2  
  66  4:59  Zergling x8  
  71  5:06  Zergling x8  
  75  5:08  Overlord  
  75  5:09  Ravager  
  75  5:10  Ravager  
  77  5:15  Zergling x2  
  77  5:16  Zergling x2  
  74  5:22  Ravager  
  74  5:23  Zergling x2  
  74  5:27  Zergling x4  
  78  5:37  Ravager  
  79  5:43  Zergling x2  
  79  5:45  Ravager  
  76  5:52  Zergling x14  
  76  5:53  Ravager  
  76  5:54  Zergling x2  
  85  5:57  Zergling x2  
  85  6:00  Zergling x2  
  86  6:09  Ravager  
  86  6:10  Zergling x10  
  81  6:20  Zergling x10, Roach x2  

Tags
 
Add a new tag
Caveats
  • Supply blocks, unpowered buildings, or Contaminate may cause inaccurate times.
  • Supply counts are checked every 10 seconds.